 Dungeon Crawl Stone Soup version 0.32-a0-411-g744942f433 (webtiles) character file.

Game seed: 8786701846145527445

5 shadowstone the Ducker (level 1, 0/12 HPs)
             Began as a Felid Berserker on Feb 20, 2024.
             Was a Follower of Trog.
             Slain by an endoplasm (3 damage)
             ... on level 1 of the Dungeon.
             The game lasted 00:00:12 (44 turns).

shadowstone the Ducker (Felid Berserker)              Turns: 44, Time: 00:00:12

Health: 0/12       AC:  1    Str: 13    XL:     1   Next: 66%
Magic:  2/2        EV: 18    Int: 10    God:    Trog [*.....]
Gold:   0          SH:  0    Dex: 15    Spells: 0/0 levels left
                                        Lives:  0   Deaths: 1

rFire   . .          .
                       - Unarmed
rCold   . . .        (shield unavailable)
rNeg    . . .        (body armour unavailable)
rPois   .            (helmet unavailable)
rElec   .            (cloak unavailable)
rCorr   .            (gloves unavailable)
SInv    +            (boots unavailable)
Will    .....        (no amulet)
Stlth   +            (no ring)
HPRegen 0.22/turn    (no ring)
MPRegen 0.08/turn

%: no passive effects
@: no status effects
A: very small, claws 1, fangs 3, see invisible, shaggy fur 1, stealthy paws, no
weapons or thrown items, no armour, multi-lived
a: Renounce Religion, Berserk


You were on level 1 of the Dungeon.
You worshipped Trog.
Trog was aware of your devotion.
You visited 1 branch of the dungeon, and saw 1 of its levels.

You aren't carrying anything.


   Skills:
 + Level 3.1 Fighting
 + Level 4.2 Dodging
 + Level 3.1 Unarmed Combat


You couldn't memorise any spells.
You didn't know any spells.
Your spell library was empty.

Dungeon Overview and Level Annotations

Branches:
Dungeon (1/15)

Altars:


Innate Abilities, Weirdness & Mutations

You have sharp claws.
You have razor-sharp teeth.
You have supernaturally acute eyesight. (SInv)
You are covered in fur. (AC +1)
Your paws help you pounce on unaware monsters.
You are incapable of wielding weapons or throwing items.
You cannot wear armour.
You gain extra lives every three experience levels.


Message History

You are frozen.
* * * LOW HITPOINT WARNING * * *
You scratch the jackal.
The jackal is heavily wounded.
The jackal barely misses you. The jackal bites you.
You die...
The frilled lizard bites you. The endoplasm freezes you.
You are frozen.
You rejoin the land of the living...
An endoplasm comes into view.
A hobgoblin comes into view.
The hobgoblin shouts!
The endoplasm quivers.
You hear an angry hiss.
You scratch the hobgoblin. You bite the hobgoblin.
The hobgoblin is almost dead.
The hobgoblin completely misses you.
A frilled lizard comes into view.
The frilled lizard hisses angrily.
You scratch the hobgoblin.
You kill the hobgoblin!
Trog accepts your kill. The endoplasm hits you. The endoplasm freezes you.
You are frozen.
You scratch the frilled lizard.
You kill the frilled lizard!
Trog accepts your kill. The endoplasm freezes you.
You are frozen.
The endoplasm freezes you.
You are frozen.
* * * LOW HITPOINT WARNING * * *
Found a hand axe.
Found a pair of boots.
The endoplasm attacks as it pursues you!
The endoplasm misses you. The endoplasm hits you.
You die...

#........ #.#
+.#.#...# ##.#
#Jl...... #..#
#†##.#..# ##.##
#### #hh#
..?####..##....#
+.r. ..#
#.........#
#...#
..###.#.###...#
##+##
##..#J###.[.#
#.....@..)..#
#..#.###....##
...... .......
....# ....###
#### ....# ....#
#####


You could see an endoplasm.

Vanquished Creatures
  A hobgoblin (D:1)
  A jackal (D:1)
  A frilled lizard (D:1)
3 creatures vanquished.

Notes
Turn   | Place    | Note
-------+----------+-------------------------------------------
     0 | D:1      | shadowstone the Felid Berserker began the quest for the
                  | Orb.
     0 | D:1      | Reached XP level 1. HP: 12/12 MP: 2/2
    29 | D:1      | Slain by a jackal
    29 | D:1      | Lost a life (0 lives remaining)
    44 | D:1      | Slain by an endoplasm

Illustrated notes

Levels and vault maps discovered:
D:1:      arrival_zaba_pyramid, layout_basic, minmay_misc_feat_room

Action                     || total
---------------------------++-------
  Melee: Unarmed           ||    14
         Bite              ||     3
 Armour: Skin              ||    11
  Dodge: Dodged            ||    34

Table legend: (Time is in decaauts)
 A = Elapsed time spent in this place.
 B = Non-inter-level travel time spent in this place.
 C = Inter-level travel time spent in this place.
 D = Time resting spent in this place.
 E = Time spent auto-exploring this place.
 F = Levels seen in this place.
 G = Mean time per level.
                   A        B        C        D        E       F      G
               +--------+--------+--------+--------+--------+-----+--------+
         Total |     43 |     43 |      0 |      0 |      0 |   1 |   43.0 |
       Dungeon |     43 |     43 |      0 |      0 |      0 |   1 |   43.0 |
               +--------+--------+--------+--------+--------+-----+--------+

Top non-repeatable levels by time:
     D:1: 43 daAuts
